[ AOE2 MATCH · #513584882 ]
UnrankedTupi vs Civ #62
Player's team · LOSS
Rival team · WIN
[ REPLAY ANALYSIS · EXTRACTED FROM THE RECORDED GAME ]
Feudal
12:36
Castle
—
Imperial
—
| APM avg | 32.0 |
| APM peak | 50 |
| eAPM avg | 15.8 |
| Villagers / military | 28 / 0 |
Focus
⚔️ 26.7% · 🌾 73.3%
Unknown (2550) ×3
Feudal
12:03
Castle
—
Imperial
—
| APM avg | 52.9 |
| APM peak | 76 |
| eAPM avg | 20.6 |
| Villagers / military | 25 / 6 |
Focus
⚔️ 26.0% · 🌾 74.0%
Militia ×6
Match map
Initial resources + every placement click. Lines = walls · curves = elevation contours. ◆ gold · ⬟ stone · ● berries · ✦ relic · ◌ wall gap
Your base· Open — 8t gap
Streiter_Innos's base· Open — unwalled flank
Smoothed initial terrain · ◌ = detected wall gap · hover for details
Inputs per minute
— Disco Chicken - - Streiter_Innos
Build order — Disco Chicken
60 actions detected in the replay
| 0:01 | Queue | Villager (Male) |
| 0:01 | Queue | Villager (Male) |
| 0:03 | Build | House |
| 0:04 | Build | Barracks |
| 0:25 | Queue | Villager (Male) |
| 0:25 | Queue | Villager (Male) |
| 1:03 | Queue | Villager (Male) |
| 1:07 | Queue | Unit 2550 |
| 1:33 | Queue | Villager (Male) |
| 2:02 | Queue | Villager (Male) |
| 2:11 | Research | Loom |
| 2:14 | Build | House |
| 2:17 | Queue | Villager (Male) |
| 2:17 | Queue | Villager (Male) |
| 2:55 | Queue | Unit 2550 |
| 2:55 | Queue | Villager (Male) |
| 3:33 | Queue | Villager (Male) |
| 3:52 | Queue | Villager (Male) |
| 4:06 | Build | House |
| 4:20 | Queue | Villager (Male) |
| 4:20 | Queue | Villager (Male) |
| 4:21 | Queue | Villager (Male) |
| 5:11 | Queue | Villager (Male) |
| 5:12 | Queue | Unit 2550 |
| 5:27 | Queue | Villager (Male) |
| 5:27 | Queue | Villager (Male) |
| 5:40 | Build | Settlement |
| 6:01 | Queue | Villager (Male) |
| 6:21 | Build | House |
| 6:22 | Build | House |
| 6:57 | Build | House |
| 7:10 | Queue | Villager (Male) |
| 7:22 | Queue | Villager (Male) |
| 7:42 | Queue | Villager (Male) |
| 7:47 | Queue | Villager (Male) |
| 8:04 | Build | Settlement |
| 8:50 | Queue | Villager (Male) |
| 9:04 | Build | House |
| 9:15 | Queue | Villager (Male) |
| 9:28 | Build | Settlement |
| 9:52 | Queue | Villager (Male) |
| 10:26 | Research | Feudal Age |
| 10:32 | Build | House |
| 10:52 | Build | Settlement |
| 11:17 | Build | Palisade Wall |
| 11:19 | Build | Palisade Wall |
| 11:27 | Build | Palisade Wall |
| 11:27 | Build | Palisade Wall |
| 11:28 | Build | Palisade Wall |
| 11:28 | Build | Palisade Wall |
| 11:32 | Build | Palisade Wall |
| 11:32 | Build | Palisade Wall |
| 11:33 | Build | Palisade Wall |
| 11:43 | Queue | Villager (Male) |
| 12:15 | Build | Palisade Wall |
| 12:22 | Build | House |
| 12:25 | Build | Palisade Wall |
| 12:36 | Age | Feudal Age |
| 12:41 | Build | Archery Range |
| 12:46 | Queue | Villager (Male) |
Build order — Streiter_Innos
61 actions detected in the replay
| 0:00 | Queue | Villager (Male) |
| 0:00 | Queue | Villager (Male) |
| 0:00 | Queue | Villager (Male) |
| 0:02 | Build | House |
| 0:02 | Build | House |
| 0:05 | Queue | Villager (Male) |
| 1:22 | Queue | Villager (Male) |
| 1:51 | Build | Lumber Camp |
| 2:02 | Queue | Villager (Male) |
| 2:02 | Queue | Villager (Male) |
| 2:51 | Queue | Villager (Male) |
| 3:08 | Queue | Villager (Male) |
| 3:45 | Queue | Villager (Male) |
| 3:48 | Build | House |
| 3:50 | Build | House |
| 3:54 | Queue | Villager (Male) |
| 4:01 | Build | Palisade Wall |
| 4:03 | Build | Palisade Wall |
| 4:04 | Build | Palisade Wall |
| 4:08 | Build | Palisade Wall |
| 4:38 | Queue | Villager (Male) |
| 5:02 | Queue | Villager (Male) |
| 5:30 | Queue | Villager (Male) |
| 5:30 | Queue | Villager (Male) |
| 5:38 | Build | Barracks |
| 5:41 | Build | Palisade Wall |
| 6:18 | Queue | Villager (Male) |
| 6:25 | Queue | Villager (Male) |
| 6:37 | Build | Mill |
| 6:38 | Queue | Militia |
| 6:38 | Queue | Militia |
| 6:48 | Build | Palisade Wall |
| 6:50 | Build | Palisade Wall |
| 6:52 | Build | Palisade Wall |
| 6:57 | Queue | Villager (Male) |
| 6:59 | Queue | Militia |
| 7:14 | Build | Palisade Wall |
| 7:15 | Build | Palisade Wall |
| 7:19 | Queue | Militia |
| 7:52 | Build | House |
| 7:58 | Queue | Villager (Male) |
| 8:09 | Build | Mining Camp |
| 8:38 | Queue | Villager (Male) |
| 8:58 | Queue | Villager (Male) |
| 9:06 | Build | Mill |
| 9:28 | Research | Loom |
| 9:47 | Research | Feudal Age |
| 10:18 | Queue | Militia |
| 10:28 | Build | House |
| 10:37 | Build | House |
| 11:05 | Queue | Villager (Male) |
| 11:12 | Queue | Militia |
| 11:23 | Build | House |
| 11:24 | Build | Palisade Wall |
| 11:28 | Build | Palisade Wall |
| 12:03 | Age | Feudal Age |
| 12:03 | Research | Man-at-Arms (upgrade) |
| 12:08 | Queue | Villager (Male) |
| 12:12 | Build | Archery Range |
| 12:47 | Queue | Villager (Male) |
| 12:48 | Queue | Villager (Male) |
Match timeline
| 0:04 | Disco Chicken · first_building Barracks |
| 4:01 | Streiter_Innos · wall_segment Palisade Wall x1 |
| 4:03 | Streiter_Innos · wall_segment Palisade Wall x1 |
| 4:04 | Streiter_Innos · wall_segment Palisade Wall x1 |
| 4:08 | Streiter_Innos · wall_segment Palisade Wall x1 |
| 5:38 | Streiter_Innos · first_building Barracks |
| 5:41 | Streiter_Innos · wall_segment Palisade Wall x1 |
| 6:48 | Streiter_Innos · wall_segment Palisade Wall x1 |
| 6:50 | Streiter_Innos · wall_segment Palisade Wall x1 |
| 6:52 | Streiter_Innos · wall_segment Palisade Wall x1 |
| 7:14 | Streiter_Innos · wall_segment Palisade Wall x1 |
| 7:15 | Streiter_Innos · wall_segment Palisade Wall x1 |
| 11:17 | Disco Chicken · wall_segment Palisade Wall x7 |
| 11:19 | Disco Chicken · wall_segment Palisade Wall x2 |
| 11:24 | Streiter_Innos · wall_segment Palisade Wall x2 |
| 11:27 | Disco Chicken · wall_segment Palisade Wall x1 |
| 11:27 | Disco Chicken · wall_segment Palisade Wall x1 |
| 11:28 | Disco Chicken · wall_segment Palisade Wall x2 |
| 11:28 | Streiter_Innos · wall_segment Palisade Wall x11 |
| 11:28 | Disco Chicken · wall_segment Palisade Wall x1 |
| 11:32 | Disco Chicken · wall_segment Palisade Wall x1 |
| 11:32 | Disco Chicken · wall_segment Palisade Wall x1 |
| 11:33 | Disco Chicken · wall_segment Palisade Wall x1 |
| 12:03 | Streiter_Innos · age_up feudal |
| 12:12 | Streiter_Innos · first_building Archery Range |
| 12:15 | Disco Chicken · wall_segment Palisade Wall x4 |
| 12:25 | Disco Chicken · wall_segment Palisade Wall x1 |
| 12:36 | Disco Chicken · age_up feudal |
| 12:41 | Disco Chicken · first_building Archery Range |
| 12:52 | Disco Chicken · resign |
[ AI ANALYSIS · 1 CREDIT ]
What really happened in this match?
Wolo.gg analyzes every decision: build order, eco, micro, common mistakes by bracket. Personalized analysis on WhatsApp or Discord in 30 seconds.
Civ guide
Tupi
Perfil
Disco Chicken